Map: 2000 Atmospheres LE

Players

Hellraiser

  • Race: Protoss Protoss

SKillous - Winner!

  • Race: Protoss Protoss

Event: DreamHack SC2 Masters 2021 Fall

VOD

Have the link to the VOD?

Description

Time

  • Played on: Aug. 11, 2021, 10:25 a.m.
  • Length: 8:55

All games in this series

Show
View Real Time Build Order
Export as new Build Order

Hellraiser Protoss 

Build Orders: Phoenix Opening, Archon Immortal 

Get SALT Encoding   

  12  0:00  Probe  
  13  0:12  Probe  
  14  0:17  Pylon  
  14  0:24  Probe (Chrono Boost)  
  15  0:36  Probe (Chrono Boost)  
  15  0:38  Gateway  
  16  0:44  Probe (Chrono Boost)  
  16  0:45  Assimilator  
  17  0:51  Probe  
  17  0:55  Assimilator  
  18  1:03  Probe (Chrono Boost)  
  19  1:07  Gateway  
  19  1:13  Probe (Chrono Boost)  
  19  1:18  Probe (Chrono Boost)  
  20  1:25  Cybernetics Core  
  21  1:29  Probe  
  22  1:35  Pylon  
  22  1:41  Probe  
  23  1:53  Probe  
  24  2:02  Sentry, Stalker  
  24  2:03  Warp Gate  
  24  2:06  Probe  
  29  2:16  Pylon  
  29  2:28  Stalker  
  31  2:34  Sentry  
  31  2:36  Phoenix  
  33  2:47  Nexus  
  33  2:52  Shield Battery  
  33  2:55  Probe  
  34  2:59  Sentry  
  36  3:07  Probe  
  36  3:10  Pylon  
  37  3:19  Probe  
  38  3:25  Robotics Facility  
  38  3:31  Probe (Chrono Boost)  
  38  3:32  Phoenix  
  40  3:42  Probe (Chrono Boost)  
  40  3:47  Probe (Chrono Boost)  
  40  3:50  Forge  
  40  3:51  Stalker  
  43  3:59  Probe (Chrono Boost)  
  45  4:02  Probe (Chrono Boost)  
  45  4:07  Probe (Chrono Boost)  
  47  4:10  Probe (Chrono Boost)  
  47  4:12  Observer  
  47  4:16  Probe (Chrono Boost)  
  50  4:20  Probe (Chrono Boost)  
  50  4:23  Probe (Chrono Boost)  
  50  4:24  Protoss Ground Weapons Level 1  
  51  4:27  Probe (Chrono Boost)  
  51  4:28  Probe (Chrono Boost)  
  51  4:30  Pylon  
  53  4:33  Immortal (Chrono Boost)  
  57  4:38  Probe  
  57  4:40  Probe  
  59  4:48  Twilight Council  
  59  4:50  Probe  
  59  4:52  Probe  
  61  4:57  Nexus  
  61  5:02  Probe  
  61  5:04  Probe  
  63  5:09  Immortal (Chrono Boost)  
  67  5:15  Assimilator, Probe  
  67  5:18  Gateway  
  68  5:22  Gateway  
  68  5:23  Probe  
  69  5:31  Pylon  
  69  5:33  Probe  
  70  5:41  Pylon  
  70  5:44  Charge  
  70  5:49  Assimilator, Probe x2  
  72  5:51  Immortal (Chrono Boost)  
  76  5:58  Pylon, Stalker  
  76  6:03  Probe x2  
  80  6:04  Templar Archives  
  81  6:15  Shield Battery x2, Probe x2  
  83  6:20  Gateway  
  83  6:22  Gateway  
  82  6:30  Shield Battery  
  82  6:33  Shield Battery  
  82  6:34  Shield Battery  
  82  6:35  Shield Battery  
  82  6:38  Stalker  
  82  6:39  Stalker  
  86  6:43  High Templar x2  
  86  6:45  Pylon  
  90  6:47  Archon  
  90  6:51  Pylon  
  90  6:52  Shield Battery  
  90  6:53  Pylon  
  90  6:55  Probe  
  88  7:02  Immortal (Chrono Boost)  
  88  7:04  Zealot  
  88  7:07  Zealot  
  94  7:17  Zealot x4  
  102  7:24  Gateway  
  102  7:27  Gateway  
  102  7:29  High Templar x2  
  106  7:33  Archon, Immortal (Chrono Boost)  
  110  7:41  Zealot x2  
  110  7:42  Zealot  
  98  7:49  Zealot  
  96  8:03  Zealot x3  
  96  8:04  Zealot x2  
  106  8:10  Immortal (Chrono Boost)  
  88  8:21  Zealot  
  88  8:25  Zealot x7  
  100  8:34  Probe  
  101  8:36  Probe  
  101  8:37  Probe  
  87  8:44  Zealot  
  87  8:47  Zealot  
  87  8:48  Zealot x5  
Show
View Real Time Build Order
Export as new Build Order

SKillous Protoss - Winner!

Build Orders: Zealot Archon, Archon Drop 

Get SALT Encoding   

  12  0:00  Probe  
  13  0:12  Probe  
  14  0:17  Pylon  
  14  0:24  Probe  
  15  0:35  Gateway  
  15  0:37  Probe (Chrono Boost)  
  16  0:47  Assimilator, Probe (Chrono Boost)  
  17  0:52  Probe (Chrono Boost)  
  17  0:55  Assimilator  
  18  1:04  Probe (Chrono Boost)  
  19  1:08  Gateway  
  19  1:13  Probe (Chrono Boost)  
  20  1:18  Probe (Chrono Boost)  
  20  1:25  Cybernetics Core  
  21  1:30  Probe  
  22  1:36  Pylon  
  22  1:42  Probe  
  23  1:54  Probe  
  24  2:02  Stalker x2, Warp Gate  
  29  2:15  Pylon  
  28  2:23  Pylon  
  28  2:32  Stalker x2  
  32  2:56  Nexus, Probe  
  33  3:02  Sentry  
  33  3:04  Sentry  
  37  3:08  Probe  
  38  3:14  Pylon  
  38  3:20  Probe  
  38  3:26  Twilight Council  
  39  3:32  Probe (Chrono Boost)  
  40  3:43  Probe (Chrono Boost)  
  41  3:48  Probe (Chrono Boost)  
  41  3:53  Forge  
  42  4:00  Probe (Chrono Boost)  
  45  4:10  Probe x2 (Chrono Boost)  
  47  4:18  Probe (Chrono Boost)  
  47  4:19  Probe (Chrono Boost)  
  47  4:23  Protoss Ground Weapons Level 1 (Chrono Boost), Probe  
  47  4:28  Charge (Chrono Boost), Probe  
  49  4:35  Probe  
  50  4:40  Probe  
  50  4:44  Nexus  
  51  4:46  Pylon  
  51  4:47  Probe  
  51  4:51  Robotics Facility  
  52  4:52  Probe  
  52  4:53  Assimilator  
  52  4:59  Probe  
  54  5:02  Gateway  
  54  5:04  Gateway  
  54  5:07  Probe  
  54  5:11  Probe  
  56  5:19  Probe  
  56  5:20  Gateway x2  
  57  5:24  Probe  
  57  5:26  Assimilator  
  58  5:31  Probe  
  58  5:35  Templar Archives  
  59  5:36  Warp Prism (Chrono Boost)  
  61  5:46  Gateway  
  61  5:49  Gateway  
  61  5:51  Probe  
  61  5:52  Probe  
  61  5:56  Pylon  
  63  6:01  Probe  
  63  6:03  Probe  
  65  6:10  Probe  
  66  6:12  High Templar x4  
  66  6:16  Archon  
  66  6:17  Archon  
  75  6:23  Gateway  
  75  6:24  Gateway  
  75  6:25  Zealot x2  
  80  6:40  Pylon  
  80  6:43  High Templar x2  
  80  6:44  Zealot x4  
  90  6:48  Pylon, Archon  
  90  6:49  Zealot  
  90  6:52  Pylon  
  90  7:04  Zealot x5  
  96  7:15  Zealot x3  
  96  7:19  Zealot x2  
  100  7:27  High Templar x2, Zealot x3  
  106  7:32  Zealot, Archon  
  106  7:36  High Templar x2  
  112  7:39  Zealot x2  
  112  7:41  Archon  
  112  7:44  Zealot  
  98  7:47  Zealot x3  
  98  7:49  Observer  
  95  8:01  Zealot x4  
  103  8:08  Zealot x4  
  109  8:17  Zealot x2  
  103  8:24  Zealot x4  
  101  8:31  Zealot x3  
  101  8:38  Zealot x2  
  101  8:41  Zealot  
  93  8:50  Zealot x4  

Tags
 
Add a new tag
Caveats
  • Supply blocks, unpowered buildings, or Contaminate may cause inaccurate times.
  • Supply counts are checked every 10 seconds.